 Dungeon Crawl Stone Soup version 0.23-a0-54-gae6112e (webtiles) character file.

625 topirishpotato the Destroyer (level 7, -7/36 HPs)
             Began as a Deep Elf Conjurer on Aug 8, 2018.
             Killed by divine providence
             ... invoked by an orc priest
              (12 damage)
             ... on level 5 of the Dungeon.
             The game lasted 00:16:43 (5532 turns).

topirishpotato the Destroyer (Deep Elf Conjurer)    Turns: 5532, Time: 00:16:43

Health: -7/36      AC:  4    Str:  5    XL:     7   Next: 23%
Magic:  0/17       EV: 13    Int: 22    God:
Gold:   196        SH:  0    Dex: 15    Spells: 7/17 levels left

rFire    . . .     SeeInvis +   d - +1 dagger
rCold    . . .     Gourm    .   (no shield)
rNeg     . . .     Faith    .   a - +0 robe
rPois    .         Spirit   +   (no helmet)
rElec    .         Reflect  .   (no cloak)
rCorr    .         Harm     .   m - +1 pair of gloves
MR       .....                  (no boots)
Stlth    ++........             b - amulet of guardian spirit
HPRegen  0.12/turn              j - ring of see invisible
MPRegen  0.15/turn              (no ring)

@: flying
A: blurry vision 1
a: no special abilities


You were on level 5 of the Dungeon.
You were hungry.

You visited 1 branch of the dungeon, and saw 5 of its levels.

You collected 196 gold pieces.

Inventory:

Hand Weapons
 d - a +1 dagger (weapon)
Missiles
 o - 119 stones (quivered)
Armour
 a - a +0 robe (worn)
 m - a +1 pair of gloves (worn)
Jewellery
 b - an amulet of guardian spirit (around neck)
 j - a ring of see invisible (left hand)
Wands
 g - a wand of random effects (30)
 t - a wand of paralysis (8)
 v - a wand of iceblast (10)
Scrolls
 e - 2 scrolls of fear
 f - 5 scrolls of identify
 n - 2 scrolls of teleportation
 r - 2 scrolls of remove curse
 u - a scroll of magic mapping
 w - 2 scrolls of enchant weapon
 x - a scroll of amnesia
Potions
 h - a potion of lignification
 i - a potion of might
 k - 2 potions of brilliance
 l - 4 potions of ambrosia
 p - a potion of flight
 s - 2 potions of curing
Comestibles
 c - 4 rations


   Skills:
 - Level 2.4 Dodging
 - Level 2.4 Stealth
 + Level 5.8 Spellcasting
 * Level 8.7 Conjurations
 + Level 0.3 Hexes


You had 7 spell levels left.
You knew the following spells:

 Your Spells              Type           Power        Failure   Level  Hunger
a - Magic Dart            Conj           ####         1%          1    None
b - Searing Ray           Conj           #####.       1%          2    None
c - Iskenderun's Mystic   Conj           #####...     2%          4    ####...
d - Dazzling Spray        Conj/Hex       ####..       4%          3    ##.....

Your spell library contained the following spells:

 Spells                   Type           Power        Failure   Level  Hunger
 Confuse                  Hex            #.......     24%         3    ##.....
 Tukima's Dance           Hex            #.......     24%         3    ##.....
 Ensorcelled Hibernation  Hex/Ice        #.....       13%         2    None
 Corona                   Hex            #......      9%          1    None
 Fulminant Prism          Conj/Hex       ####......   14%         4    ####...
 Force Lance              Conj/Tloc      ####....     16%         4    ####...


Dungeon Overview and Level Annotations

Branches:
Dungeon (5/15)
 Temple: D:4-7

Altars:

Annotations:
D:5 Prince Ribbit


Innate Abilities, Weirdness & Mutations

Scrolls take you a little longer to read.


Message History

The orc shouts!
Prince Ribbit lets out a mournful croak.
Prince Ribbit barely misses you.
Casting: Searing Ray (safe; 1% risk of failure)
Confirm with . or Enter, or press ? or * to list all spells.
You don't know that spell.
Casting: Searing Ray (safe; 1% risk of failure)
Confirm with . or Enter, or press ? or * to list all spells.
You don't have enough magic to cast that spell.
Unknown command.
Casting: Searing Ray (safe; 1% risk of failure)
Confirm with . or Enter, or press ? or * to list all spells.
You don't have enough magic to cast that spell.
Okay, then.
Really read with blurry vision while enemies are nearby?
Prince Ribbit blinks!
You begin reading the scroll.
You continue reading the scroll.
The orc priest invokes the aid of Beogh against you.
Beogh smites you!
You die...

.........'........#.#8..####....
.........#......#.#.#####.......
.........#.†....#.#..#.........#
.........#......#....#.........#
.........#......###..##.......##
.........#......# #..##.......#
.........#......# #..###.....##
#.####...F#########....##...## #
#....'.ooo@.....#.....##
#....##########.####### #....#
#.# P......# #.# ♣.......# #.#
.♣♣...(o# #.# ♣....F. ..#
....o.. ###


You could see Prince Ribbit, an orc priest and 2 orcs.

Vanquished Creatures
  2 ogres (D:4)
  A scorpion (D:4)
  An orc priest (D:4)
  2 orc wizards (D:4)
  Ijyb (D:3)
  An iguana (D:5)
  4 worker ants
  3 gnolls (D:2)
  5 adders
  A shadow imp (D:5)
  2 adder skeletons
  A worm (D:2)
  3 dart slugs (D:1)
  13 orcs
  7 bats
  3 giant cockroaches
  10 goblins
  8 hobgoblins
  4 jackals (D:2)
  5 kobolds
  A quokka (D:4)
  2 frilled lizards
  A leopard gecko skeleton (D:4)
  A quokka skeleton (D:4)
  7 rats
89 creatures vanquished.

Vanquished Creatures (others)
  A bat (D:1)
1 creature vanquished.

Grand Total: 90 creatures vanquished

Notes
Turn   | Place    | Note
-------+----------+-------------------------------------------
     0 | D:1      | topirishpotato the Deep Elf Conjurer began the quest for the Orb.
     0 | D:1      | Reached XP level 1. HP: 10/10 MP: 6/6
   346 | D:1      | Reached XP level 2. HP: 15/15 MP: 6/8
   431 | D:1      | Reached skill level 5 in Conjurations
   468 | D:1      | Learned a level 2 spell: Searing Ray
   738 | D:1      | Reached XP level 3. HP: 19/19 MP: 3/9
  1302 | D:2      | Reached skill level 6 in Conjurations
  1362 | D:2      | Reached XP level 4. HP: 24/24 MP: 7/10
  2372 | D:3      | Noticed Ijyb
  2381 | D:3      | Killed Ijyb
  2687 | D:3      | Learned a level 4 spell: Iskenderun's Mystic Blast
  2756 | D:3      | Reached XP level 5. HP: 28/28 MP: 5/12
  2832 | D:3      | Learned a level 3 spell: Dazzling Spray
  2839 | D:3      | Found a faded altar of an unknown god.
  3450 | D:4      | Reached skill level 7 in Conjurations
  3452 | D:4      | Noticed an ogre
  3861 | D:4      | Noticed an ogre
  3867 | D:4      | Killed an ogre
  3867 | D:4      | Reached XP level 6. HP: 32/32 MP: 3/15
  4066 | D:4      | Reached skill level 5 in Spellcasting
  4210 | D:4      | Reached skill level 8 in Conjurations
  4757 | D:4      | Reached XP level 7. HP: 36/36 MP: 5/17
  5233 | D:5      | Entered Level 5 of the Dungeon
  5511 | D:5      | Noticed Prince Ribbit
  5530 | D:5      | Gained mutation: You are dopey. (Int -2) [potion of mutation]
  5530 | D:5      | Gained mutation: Scrolls take you a little longer to read. [potion of mutation]
  5530 | D:5      | Lost mutation: You are dopey. (Int -2) [potion of mutation]
  5532 | D:5      | Killed from afar by an orc priest

Vault maps used:
D:1:      ncdulo_lavacross, lemuel_old_faithful
D:2:      minmay_misc_feat_rows, kennysheep_minor_cross, item_on_display_a
D:3:      chequers_ecumenical_altar_lobes, uniq_ijyb
D:4:      first_ration
D:5:      kennysheep_spiral_hall, nicolae_overflow_crystal_walls,
          serial_park_tiny_2, uniq_prince_ribbit1

Skill      XL: |  1  2  3  4  5  6 |
---------------+-------------------+-----
Conjurations   | 5 6 7 8 |  8.7
Spellcasting   | 4 5 |  5.8
Dodging        | |  2.4
Stealth        | |  2.4
Hexes          | |  0.3

Action                   |  1- 3 |  4- 6 |  7- 9 || total
-------------------------+-------+-------+-------++-------
Melee: Unarmed           |     2 |       |       ||     2
       Dagger            |     1 |     6 |     2 ||     9
 Cast: Magic Dart        |    71 |   112 |    18 ||   201
       Searing Ray       |     1 |     9 |     5 ||    15
       Iskenderun's Myst |       |     1 |       ||     1
       Dazzling Spray    |       |     1 |       ||     1
  Use: Scroll            |     3 |     6 |     1 ||    10
       Potion            |       |       |     4 ||     4
  Eat: Ration            |     1 |     1 |     1 ||     3
       Chunk             |       |     3 |       ||     3
Armor: Robe              |     1 |     7 |     1 ||     9
Dodge: Dodged            |     6 |    27 |     5 ||    38

Table legend:
 A = Spawn XP
 B = Non-spawn XP
 C = Spawn XP percentage of total XP
 D = Spawn monster count
 E = Non-spawn monster count
 F = Spawn count percentage of total count
 G = Total turns spent on level
                    A         B        C        D         E        F      G
               +---------+---------+-------+---------+---------+-------+---------
         Total |       0 |     893 |   0.0 |       0 |      89 |   0.0 |  5532
               +---------+---------+-------+---------+---------+-------+---------
           D:1 |       0 |      43 |   0.0 |       0 |      21 |   0.0 |   975
           D:2 |       0 |      93 |   0.0 |       0 |      23 |   0.0 |  1368
           D:3 |       0 |      86 |   0.0 |       0 |      15 |   0.0 |  1181
           D:4 |       0 |     542 |   0.0 |       0 |      22 |   0.0 |  1709
           D:5 |       0 |     129 |   0.0 |       0 |       8 |   0.0 |   299
               +---------+---------+-------+---------+---------+-------+---------
